| TOP OF THE 1ST |
|
Detroit Red Wings batting - Pitching for Southern Maryland Blue Crabs : RHP Bruce Yeager
|
|
Pitching: RHP Bruce Yeager
|
|
|
Batting: RHB Janne Vihko
|
0-0: Ball 1-0: Called Strike 1-1: Called Strike 1-2: Strikes out swinging
|
|
Batting: RHB Jorge Lebron
|
0-0: Called Strike 0-1: Ball 1-1: Swinging Strike 1-2: Ball 2-2: Strikes out looking
|
|
Batting: SHB Franklin Garza
|
0-0: Ground out 4-3 (Groundball, 4, EV 98.1 MPH)
|
| Top of the 1st over - 0 runs, 0 hits, 0 errors, 0 left on base; Detroit 0 - Southern Maryland 0 |
| BOTTOM OF THE 1ST |
|
Southern Maryland Blue Crabs batting - Pitching for Detroit Red Wings : RHP Edwin Marquez
|
|
Pitching: RHP Edwin Marquez
|
|
|
Batting: RHB Kevin Popowicz
|
0-0: Ball 1-0: Foul Ball, location: 2F 1-1: Ball 2-1: Ball 3-1: Foul Ball, location: 2F 3-2: Fly out, F8 (Flyball, 8RM, EV 94.4 MPH)
|
|
Batting: LHB Jeremy Nuzzo
|
0-0: Ball 1-0: Called Strike 1-1: Swinging Strike 1-2: Ball 2-2: Foul Ball, location: 2F 2-2: Ball 3-2: Base on Balls
|
|
Batting: SHB Carlos Carrillo
|
0-0: Swinging Strike 0-1: Fly out, F8 (Flyball, 8RXD, EV 90.0 MPH)
|
|
Batting: LHB Xue-liang Zhou
|
0-0: 2-RUN HOME RUN (Flyball, 9D, EV 101.2 MPH), Distance : 398 ft
|
|
Batting: SHB Eric Kelley
|
0-0: Ball 1-0: Ball 2-0: Called Strike 2-1: Fly out, F9 (Flyball, 9S, EV 86.2 MPH)
|
| Bottom of the 1st over - 2 runs, 1 hit, 0 errors, 0 left on base; Detroit 0 - Southern Maryland 2 |
| TOP OF THE 2ND |
|
Detroit Red Wings batting - Pitching for Southern Maryland Blue Crabs : RHP Bruce Yeager
|
|
Batting: LHB Iestyn Peacock
|
0-0: Called Strike 0-1: Called Strike 0-2: Ball 1-2: Ball 2-2: Foul Ball, location: 2F 2-2: Strikes out swinging
|
|
Batting: LHB Jamie Christian
|
0-0: Ball 1-0: Ball 2-0: Called Strike 2-1: Swinging Strike 2-2: Foul Ball, location: 2F 2-2: Ball 3-2: Strikes out swinging
|
|
Batting: RHB Seth Fox
|
0-0: Ball 1-0: Swinging Strike 1-1: Hit by Pitch
|
|
Batting: SHB Salvador Lacosta
|
0-0: Ground out 2-3 (Groundball, 2R, EV 75.0 MPH)
|
| Top of the 2nd over - 0 runs, 0 hits, 0 errors, 1 left on base; Detroit 0 - Southern Maryland 2 |
| BOTTOM OF THE 2ND |
|
Southern Maryland Blue Crabs batting - Pitching for Detroit Red Wings : RHP Edwin Marquez
|
|
Batting: LHB Chris Cohen
|
0-0: Ground out 3-1 (Groundball, 34S, EV 77.5 MPH)
|
|
Batting: RHB Ruben Domingues
|
0-0: Foul Ball, location: 2F 0-1: Ball 1-1: Foul Ball, location: 2F 1-2: Strikes out looking
|
|
Batting: LHB Edwin Cabral
|
0-0: Ball 1-0: Ball 2-0: Ball 3-0: Foul Ball, location: 2F 3-1: Base on Balls
|
|
Batting: LHB Ivan Alvarez
|
0-0: Ball 1-0: Ball Edwin Cabral steals 2nd base 2-0: Ground out 4-3 (Groundball, 34D, EV 105.0 MPH)
|
| Bottom of the 2nd over - 0 runs, 0 hits, 0 errors, 1 left on base; Detroit 0 - Southern Maryland 2 |
| TOP OF THE 3RD |
|
Detroit Red Wings batting - Pitching for Southern Maryland Blue Crabs : RHP Bruce Yeager
|
|
Batting: RHB Yuusou Honda
|
0-0: Called Strike 0-1: Fly out, F6 (Line Drive, 6D, EV 70.6 MPH)
|
|
Batting: RHB Carlos Avila
|
0-0: Foul Ball, location: 2F 0-1: Bunt missed! 0-2: Ball 1-2: Strikes out swinging passed ball, reaches first!
|
|
Batting: RHB Janne Vihko
|
0-0: Ball 1-0: Swinging Strike 1-1: Fly out, F3 (Line Drive, 3L, EV 95.0 MPH) Lined into DP, U3 (Line Drive, 3L, EV 100.0 MPH)
|
| Top of the 3rd over - 0 runs, 0 hits, 0 errors, 0 left on base; Detroit 0 - Southern Maryland 2 |
| BOTTOM OF THE 3RD |
|
Southern Maryland Blue Crabs batting - Pitching for Detroit Red Wings : RHP Edwin Marquez
|
|
Batting: RHB Kevin Popowicz
|
0-0: Foul Ball, location: 2F 0-1: Ground out 4-3 (Groundball, 4, EV 98.1 MPH)
|
|
Batting: LHB Jeremy Nuzzo
|
0-0: Ball 1-0: Swinging Strike 1-1: Foul Ball, location: 2F 1-2: Foul Ball, location: 2F 1-2: Strikes out swinging
|
|
Batting: SHB Carlos Carrillo
|
0-0: Ball 1-0: Fly out, F7 (Flyball, 7, EV 89.4 MPH)
|
| Bottom of the 3rd over - 0 runs, 0 hits, 0 errors, 0 left on base; Detroit 0 - Southern Maryland 2 |
| TOP OF THE 4TH |
|
Detroit Red Wings batting - Pitching for Southern Maryland Blue Crabs : RHP Bruce Yeager
|
|
Batting: RHB Jorge Lebron
|
0-0: Called Strike 0-1: Fly out, F8 (Line Drive, 8RD, EV 105.0 MPH)
|
|
Batting: SHB Franklin Garza
|
0-0: Fly out, F8 (Flyball, 8LXD, EV 84.4 MPH)
|
|
Batting: LHB Iestyn Peacock
|
0-0: Ball 1-0: Foul Ball, location: 2F 1-1: Foul Ball, location: 2F 1-2: DOUBLE (Groundball, 3L, EV 102.5 MPH)
|
|
Batting: LHB Jamie Christian
|
0-0: Hit by Pitch
|
|
Batting: RHB Seth Fox
|
0-0: Ball 1-0: Foul Ball, location: 2F 1-1: Foul Ball, location: 2F 1-2: Foul Ball, location: 2F 1-2: Strikes out swinging
|
| Top of the 4th over - 0 runs, 1 hit, 0 errors, 2 left on base; Detroit 0 - Southern Maryland 2 |
| BOTTOM OF THE 4TH |
|
Southern Maryland Blue Crabs batting - Pitching for Detroit Red Wings : RHP Edwin Marquez
|
|
Batting: LHB Xue-liang Zhou
|
0-0: Ball 1-0: Called Strike 1-1: Ball 2-1: Foul Ball, location: 2F 2-2: Foul Ball, location: 2F 2-2: Ball 3-2: Foul Ball, location: 2F 3-2: Foul Ball, location: 2F 3-2: Base on Balls
|
|
Batting: SHB Eric Kelley
|
0-0: Ball 1-0: TRIPLE (Flyball, 7D, EV 100.6 MPH) Xue-liang Zhou scores
|
|
Batting: LHB Chris Cohen
|
0-0: Ball 1-0: Foul Ball, location: 2F 1-1: Foul Ball, location: 2F 1-2: Ball 2-2: Foul Ball, location: 2F 2-2: Foul Ball, location: 2F 2-2: Ground out 2-3 (Groundball, 15S, EV 71.2 MPH)
|
|
Batting: RHB Ruben Domingues
|
0-0: Ball 1-0: Ball 2-0: Foul Ball, location: 2F 2-1: Ball 3-1: Foul Ball, location: 2F 3-2: Base on Balls
|
|
Batting: LHB Edwin Cabral
|
0-0: Called Strike Ruben Domingues is caught stealing 2nd base 2-6 0-1: Swinging Strike 0-2: Ball 1-2: Ground out 6-3 (Groundball, 56, EV 108.1 MPH)
|
| Bottom of the 4th over - 1 run, 1 hit, 0 errors, 1 left on base; Detroit 0 - Southern Maryland 3 |
| TOP OF THE 5TH |
|
Detroit Red Wings batting - Pitching for Southern Maryland Blue Crabs : RHP Bruce Yeager
|
|
Pitching: RHP Rod Najera
|
|
|
Batting: SHB Salvador Lacosta
|
0-0: Ground out 4-3 (Groundball, 4, EV 102.5 MPH)
|
|
Batting: RHB Yuusou Honda
|
0-0: Called Strike 0-1: Swinging Strike 0-2: Ball 1-2: Ball 2-2: Ball 3-2: Strikes out swinging
|
|
Batting: RHB Carlos Avila
|
0-0: Fly out, F7 (Flyball, 78D, EV 90.0 MPH)
|
| Top of the 5th over - 0 runs, 0 hits, 0 errors, 0 left on base; Detroit 0 - Southern Maryland 3 |
| BOTTOM OF THE 5TH |
|
Southern Maryland Blue Crabs batting - Pitching for Detroit Red Wings : RHP Edwin Marquez
|
|
Batting: LHB Ivan Alvarez
|
0-0: Ball 1-0: Ball 2-0: Fly out, F7 (Line Drive, 7, EV 95.6 MPH)
|
|
Batting: RHB Kevin Popowicz
|
0-0: Called Strike 0-1: Called Strike 0-2: Foul Ball, location: 2F 0-2: Ball 1-2: Ball 2-2: Ball 3-2: Base on Balls
|
|
Batting: LHB Jeremy Nuzzo
|
0-0: Ball 1-0: Ball 2-0: Ball 3-0: Called Strike 3-1: Base on Balls Kevin Popowicz to second
|
|
Batting: SHB Carlos Carrillo
|
0-0: Ball 1-0: Foul Ball, location: 2F 1-1: SINGLE (Groundball, 4MS, EV 70.0 MPH) (infield hit) Kevin Popowicz to third Jeremy Nuzzo to second
|
|
Batting: LHB Xue-liang Zhou
|
0-0: Single, Error in OF, E8, batter to second base (Line Drive, 6D, EV 99.4 MPH) Kevin Popowicz scores Jeremy Nuzzo scores Carlos Carrillo to third
|
|
Batting: SHB Eric Kelley
|
0-0: Foul Ball, location: 2F 0-1: Ball 1-1: Swinging Strike 1-2: Ground out 4-3 (Groundball, 4, EV 103.1 MPH) Carlos Carrillo scores Xue-liang Zhou to third
|
|
Pitching: RHP Efrain Diaz
|
|
|
Batting: LHB Chris Cohen
|
0-0: Swinging Strike 0-1: SINGLE (Groundball, 56D, EV 100.6 MPH) Xue-liang Zhou scores
|
|
Batting: RHB Ruben Domingues
|
0-0: Ball 1-0: Ball 2-0: SINGLE (Line Drive, 89S, EV 93.8 MPH) Chris Cohen to second Throwing error, E8 Chris Cohen scores Ruben Domingues to second
|
|
Batting: LHB Edwin Cabral
|
0-0: Ball 1-0: Fly out, F8 (Flyball, 78M, EV 91.2 MPH)
|
| Bottom of the 5th over - 5 runs, 4 hits, 2 errors, 1 left on base; Detroit 0 - Southern Maryland 8 |
| TOP OF THE 6TH |
|
Detroit Red Wings batting - Pitching for Southern Maryland Blue Crabs : RHP Rod Najera
|
|
Batting: RHB Janne Vihko
|
0-0: Called Strike 0-1: Ball 1-1: Foul Ball, location: 2F 1-2: Ball 2-2: Strikes out swinging
|
|
Batting: RHB Jorge Lebron
|
0-0: Called Strike 0-1: Called Strike 0-2: Strikes out swinging
|
|
Batting: SHB Franklin Garza
|
0-0: Ball 1-0: Fly out, F5 (Popup, 56S, EV 85.6 MPH)
|
| Top of the 6th over - 0 runs, 0 hits, 0 errors, 0 left on base; Detroit 0 - Southern Maryland 8 |
| BOTTOM OF THE 6TH |
|
Southern Maryland Blue Crabs batting - Pitching for Detroit Red Wings : RHP Efrain Diaz
|
|
Batting: LHB Ivan Alvarez
|
0-0: Called Strike 0-1: Ball 1-1: Foul Ball, location: 2F 1-2: Foul Ball, location: 2F 1-2: Strikes out looking
|
|
Batting: RHB Kevin Popowicz
|
0-0: Called Strike 0-1: Foul Ball, location: 2F 0-2: Foul Ball, location: 2F 0-2: Ball 1-2: Ball 2-2: Foul Ball, location: 2F 2-2: Ball 3-2: Ground out 5-3 (Groundball, 56S, EV 69.4 MPH)
|
|
Pitching: RHP Denzel McPherson
|
|
|
Batting: LHB Jeremy Nuzzo
|
0-0: DOUBLE (Line Drive, 3D, EV 97.5 MPH)
|
|
Batting: SHB Carlos Carrillo
|
0-0: SINGLE (Flyball, 8LS, EV 90.0 MPH) Jeremy Nuzzo to third Runner from 3rd tries for Home, SAFE, throw by CF to home
|
|
Batting: LHB Xue-liang Zhou
|
0-0: Swinging Strike 0-1: Fly out, F1 (Popup, P, EV 88.1 MPH)
|
| Bottom of the 6th over - 1 run, 2 hits, 0 errors, 1 left on base; Detroit 0 - Southern Maryland 9 |
| TOP OF THE 7TH |
|
Detroit Red Wings batting - Pitching for Southern Maryland Blue Crabs : RHP Rod Najera
|
|
Now in RF: Pat Fontana
|
|
|
Batting: LHB Iestyn Peacock
|
0-0: Called Strike 0-1: Ball 1-1: Ball 2-1: Ball 3-1: Base on Balls
|
|
Batting: LHB Jamie Christian
|
0-0: Ball 1-0: Called Strike Iestyn Peacock steals 2nd base (no throw) 1-1: Called Strike 1-2: Ball 2-2: Strikes out swinging
|
|
Batting: RHB Seth Fox
|
0-0: Ground out 6-3 (Groundball, 6, EV 86.9 MPH) Iestyn Peacock to third
|
|
Pinch Hitting: RHB Dustin Bursell
|
0-0: Ball 1-0: Swinging Strike 1-1: Ball 2-1: Foul Ball, location: 2F 2-2: Strikes out swinging
|
| Top of the 7th over - 0 runs, 0 hits, 0 errors, 1 left on base; Detroit 0 - Southern Maryland 9 |
| BOTTOM OF THE 7TH |
|
Southern Maryland Blue Crabs batting - Pitching for Detroit Red Wings : RHP Denzel McPherson
|
|
Now at SS: Dustin Bursell
|
|
|
Batting: SHB Eric Kelley
|
0-0: Called Strike 0-1: Ball 1-1: Foul Ball, location: 2F 1-2: SINGLE (Groundball, 25, EV 65.6 MPH) (infield hit)
|
|
Batting: LHB Chris Cohen
|
0-0: Fly out, F8 (Flyball, 8LM, EV 88.1 MPH)
|
|
Batting: RHB Ruben Domingues
|
Balk! Eric Kelley to second 0-0: Ground out 6-3 (Groundball, 6M, EV 82.5 MPH) Eric Kelley to third
|
|
Batting: LHB Edwin Cabral
|
0-0: Swinging Strike 0-1: Ground out 5-3 (Groundball, 5, EV 106.9 MPH)
|
| Bottom of the 7th over - 0 runs, 1 hit, 0 errors, 1 left on base; Detroit 0 - Southern Maryland 9 |
| TOP OF THE 8TH |
|
Detroit Red Wings batting - Pitching for Southern Maryland Blue Crabs : RHP Rod Najera
|
|
Pinch Hitting: SHB Eisse Wijnja
|
0-0: Swinging Strike 0-1: Foul Ball, location: 2F 0-2: Ball 1-2: Ball 2-2: Foul Ball, location: 2F 2-2: Ball 3-2: Fly out, F9 (Flyball, 9D, EV 87.5 MPH)
|
|
Batting: RHB Carlos Avila
|
0-0: Called Strike 0-1: Fly out, F8 (Flyball, 8RD, EV 88.8 MPH)
|
|
Batting: RHB Janne Vihko
|
0-0: SINGLE (Line Drive, 4MD, EV 97.5 MPH)
|
|
Batting: RHB Jorge Lebron
|
0-0: Called Strike 0-1: Called Strike 0-2: Strikes out swinging
|
| Top of the 8th over - 0 runs, 1 hit, 0 errors, 1 left on base; Detroit 0 - Southern Maryland 9 |
| BOTTOM OF THE 8TH |
|
Southern Maryland Blue Crabs batting - Pitching for Detroit Red Wings : RHP Denzel McPherson
|
|
Now in LF: Cody Kafer
|
|
|
Batting: LHB Ivan Alvarez
|
0-0: Ball 1-0: Ball 2-0: Ball 3-0: Ground out 6-3 (Groundball, 6M, EV 104.4 MPH)
|
|
Batting: RHB Kevin Popowicz
|
0-0: Ball 1-0: Called Strike 1-1: Swinging Strike 1-2: Strikes out swinging
|
|
Batting: LHB Pat Fontana
|
0-0: Ball 1-0: Foul Ball, location: 2F 1-1: Foul Ball, location: 2F 1-2: Foul Ball, location: 2F 1-2: Ball 2-2: Foul Ball, location: 2F 2-2: Foul Ball, location: 2F 2-2: Strikes out looking
|
| Bottom of the 8th over - 0 runs, 0 hits, 0 errors, 0 left on base; Detroit 0 - Southern Maryland 9 |
| TOP OF THE 9TH |
|
Detroit Red Wings batting - Pitching for Southern Maryland Blue Crabs : RHP Rod Najera
|
|
Pinch Hitting: RHB Juan Perez
|
0-0: Called Strike 0-1: Ground out 6-3 (Groundball, 6, EV 81.2 MPH)
|
|
Batting: LHB Iestyn Peacock
|
0-0: DOUBLE (Flyball, 8RXD, EV 105.0 MPH)
|
|
Batting: LHB Jamie Christian
|
0-0: Called Strike 0-1: Ball 1-1: Foul Ball, location: 2F 1-2: Ball 2-2: Ball 3-2: Base on Balls
|
|
Pitching: RHP Joe Sloboda
|
|
|
Batting: RHB Seth Fox
|
0-0: Ball 1-0: Ball 2-0: DOUBLE (Line Drive, 78D, EV 103.8 MPH) Iestyn Peacock scores Jamie Christian to third
|
|
Batting: RHB Dustin Bursell
|
0-0: Foul Ball, location: 2F 0-1: Swinging Strike 0-2: Ball 1-2: Foul Ball, location: 2F 1-2: Ball 2-2: Foul Ball, location: 2F 2-2: Foul Ball, location: 2F 2-2: Foul Ball, location: 2F 2-2: Strikes out swinging
|
|
Batting: RHB Cody Kafer
|
0-0: Called Strike 0-1: Called Strike 0-2: Foul Ball, location: 2F 0-2: Ball 1-2: Strikes out swinging
|
| Top of the 9th over - 1 run, 2 hits, 0 errors, 2 left on base; Detroit 1 - Southern Maryland 9 |
|